 Dungeon Crawl Stone Soup version 0.29.1-15-g9cfb28693d (webtiles) character file.

Game seed: 209287938981145047

11 Racksonjoss101 the Gusty (level 2, -2/15 HPs)
             Began as a Deep Elf Air Elementalist on Apr 19, 2023.
             Slain by a worm (5 damage)
             ... on level 2 of the Dungeon.
             The game lasted 00:05:25 (1191 turns).

Racksonjoss101 the Gusty (DEAE)                     Turns: 1191, Time: 00:05:25

Health: -2/15      AC:  2    Str:  5    XL:     2   Next: 17%
Magic:  2/8        EV: 12    Int: 19    God:
Gold:   25         SH:  0    Dex: 15    Spells: 6/7 levels left

rFire   . . .      SeeInvis .   c - +0 short sword
rCold   . . .      Faith    .   (no shield)
rNeg    . . .      Spirit   .   a - +0 robe
rPois   .          Reflect  .   (no helmet)
rElec   .          Harm     .   (no cloak)
rCorr   .          Rampage  .   (no gloves)
Will    .....                   (no boots)
Stlth   ++........              (no amulet)
HPRegen 0.05/turn               (no ring)
MPRegen 0.11/turn               (no ring)

@: no status effects
A: no striking features
a: no special abilities


You were on level 2 of the Dungeon.
You visited 1 branch of the dungeon, and saw 2 of its levels.

You collected 25 gold pieces.

Inventory:

Hand Weapons
 c - a +0 short sword (weapon)
 f - a +0 club
 i - a +0 club
 k - a +0 dagger
Missiles
 d - 3 stones
Armour
 a - a +0 robe (worn)
 m - a +0 ring mail
 n - a +0 robe
Scrolls
 e - a scroll of poison {unknown}
 h - a scroll of teleportation {unknown}
Potions
 b - a potion of magic
 g - 2 potions of curing {unknown}
 j - a potion of brilliance {unknown}
 l - a potion of degeneration {unknown}


   Skills:
 + Level 2.6 Dodging
 + Level 2.7 Stealth
 + Level 3.1 Spellcasting
 + Level 1.1 Conjurations
 + Level 3.3 Air Magic


You had 6 spell levels left.
You knew the following spells:

 Your Spells              Type           Power      Damage    Failure   Level
a - Shock                 Conj/Air       44%        1d5       6%          1

Your spell library contained the following spells:

 Spells                   Type           Power      Damage    Failure   Level
 Static Discharge         Conj/Air       11%        3-5/arc   9%          2
 Swiftness                Air            15%        N/A       12%         3
 Airstrike                Air            7%         2d(2-18)  36%         4


Dungeon Overview and Level Annotations

Branches:
Dungeon (2/15)

Altars:


Message History

The zap hits the worm.
The worm is heavily wounded.
Casting: Shock (safe; 6% risk of failure)
Confirm with . or Enter, or press ? or * to list all spells.
Aiming: Shock (safe; 6% risk of failure)
Press: ? - help, Shift-Dir - straight line, f/p - worm
Aim: a worm (heavily wounded, 89% to hit)
The zap hits the worm.
The worm is heavily wounded.
Casting: Shock (safe; 6% risk of failure)
Confirm with . or Enter, or press ? or * to list all spells.
Aiming: Shock (safe; 6% risk of failure)
Press: ? - help, Shift-Dir - straight line, f/p - worm
Aim: a worm (heavily wounded, 89% to hit)
The zap hits the worm.
The worm is heavily wounded.
The worm bites you!
Casting: Shock (safe; 6% risk of failure)
Confirm with . or Enter, or press ? or * to list all spells.
Aiming: Shock (safe; 6% risk of failure)
Press: ? - help, Shift-Dir - straight line, f/p - worm
Aim: a worm (heavily wounded, 89% to hit)
The zap hits the worm.
The worm is severely wounded.
The worm bites you.
* * * LOW HITPOINT WARNING * * *
You hit the worm.
The worm is severely wounded.
The worm bites you but does no damage.
You barely miss the worm.
The worm is severely wounded.
You barely miss the worm.
The worm is severely wounded.
The worm closely misses you.
You hit the worm but do no damage.
The worm is severely wounded.
You hit the worm.
The worm is almost dead.
The worm bites you.
You die...

#.#........#
...........#
###.......)#
##.....#.#
##....#.#
##.#.#.#
#.#>#.##
#####.#....##
.......@....#
###.[.#w....#
#.# #.#.#.#
.. #.#...# ##
#.###.# #.#
.# #.# # #.#


You could see a worm.

Vanquished Creatures
  3 bats (D:1)
  2 endoplasms (D:1)
  3 goblins (D:1)
  A hobgoblin (D:1)
  A kobold (D:1)
  A rat (D:1)
11 creatures vanquished.

Vanquished Creatures (others)
  6 fungi (D:1)
  5 plants (D:1)
11 creatures vanquished.

Grand Total: 22 creatures vanquished

Notes
Turn   | Place    | Note
-------+----------+-------------------------------------------
     0 | D:1      | Racksonjoss101 the Deep Elf Air Elementalist began the
                  | quest for the Orb.
     0 | D:1      | Reached XP level 1. HP: 10/10 MP: 6/6
   453 | D:1      | Found a faded altar of an unknown god.
   565 | D:1      | Reached XP level 2. HP: 15/15 MP: 6/8
  1191 | D:2      | Slain by a worm

Illustrated notes

Levels and vault maps discovered:
D:1:      psy_arrival_fountain, layout_loops_ring,
          dreamdust_ecumenical_altar_hidden_monk_grotto, serial_park_tiny_pond
D:2:      minmay_skewed_foursquare, layout_loops_ring, uniq_robin

Action                   || total
-------------------------++-------
Melee: Short sword       ||    34
       Punch             ||     1
 Cast: Shock             ||    29
 Stab: Sleeping          ||     1
Armor: Robe              ||     6
Dodge: Dodged            ||    18
